 Dungeon Crawl Stone Soup version 0.22-a0-533-g4d20840 (webtiles) character file.

149 Darkshadow the Cudgeler (level 5, 0/47 HPs)
             Began as a Minotaur Berserker on June 22, 2018.
             Was a Believer of Trog.
             Slain by a wight
             ... wielding a cursed +4 mace of freezing
              (3 damage)
             ... on level 2 of the Dungeon.
             The game lasted 00:03:46 (1276 turns).

Darkshadow the Cudgeler (Minotaur Berserker)        Turns: 1276, Time: 00:03:47

Health: 0/47       AC:  2    Str: 22    XL:     5   Next: 9%
Magic:  4/4        EV: 12    Int:  4    God:    Trog [**....]
Gold:   81         SH:  0    Dex: 10    Spells: 4/4 levels left

rFire    . . .     SeeInvis .   a - +0 mace
rCold    . . .     Gourm    .   (no shield)
rNeg     . . .     Faith    .   b - +0 animal skin
rPois    .         Spirit   .   (helmet restricted)
rElec    .         Reflect  .   (no cloak)
rCorr    .         Harm     .   (no gloves)
MR       .....                  (no boots)
Stlth    +.........             (no amulet)
HPRegen  0.15/turn              (no ring)
MPRegen  0.09/turn              (no ring)

@: berserk cooldown, slowed, drained, very slow
A: retaliatory headbutt, horns 2
a: Berserk, Trog's Hand, Renounce Religion


You were on level 2 of the Dungeon.
You worshipped Trog.
Trog was pleased with you.
You were hungry.

You visited 1 branch of the dungeon, and saw 2 of its levels.

You collected 81 gold pieces.

Inventory:

Hand Weapons
 a - a +0 mace (weapon)
Missiles
 d - 23 stones (quivered)
Armour
 b - a +0 animal skin (worn)
Jewellery
 f - an uncursed ring of stealth {unknown}
Scrolls
 e - 4 scrolls of identify {unknown}
 g - 3 scrolls of enchant weapon {unknown}
 i - 2 scrolls of remove curse {unknown}
 j - a scroll of magic mapping {unknown}
Potions
 h - 2 potions of magic {unknown}
Comestibles
 c - 3 rations


   Skills:
 + Level 4.7(4.3) Fighting
 * Level 5.2(4.9) Maces & Flails
 + Level 3.8(3.4) Armour
 - Level 2.7(2.4) Dodging


You had 4 spell levels left.
You didn't know any spells.
Your spell library was empty.

Dungeon Overview and Level Annotations

Branches:
Dungeon (2/15)

Altars:
Trog


Innate Abilities, Weirdness & Mutations

You reflexively headbutt those who attack you in melee.
You have a pair of horns on your head.


Message History

You hit the wight but do no damage. You headbutt the wight!
The wight is heavily damaged.
The wight misses you. You furiously retaliate!
You headbutt the wight, but do no damage.
You hit the wight.
The wight is severely damaged.
The wight hits you with a mace of freezing!
* * * LOW HITPOINT WARNING * * *
You feel drained.
* * * LOW HITPOINT WARNING * * *
The wight freezes you.
* * * LOW HITPOINT WARNING * * *
You hit the wight. Your headbutt misses the wight.
The wight is almost destroyed.
The wight hits you with a mace of freezing.
* * * LOW HITPOINT WARNING * * *
The wight freezes you.
* * * LOW HITPOINT WARNING * * *
The wight hits you with a mace of freezing.
You die...

### ###.###.#
#.....# ##...##
#...# ##...#
##....##
####.###z.....
##....# #z#####
#...#.###@#
###.#.##....#
######...#...###.#
.......#####.# #.#
.#####...#...# #.#
.# ###.#..## #.#
.# #....# #.# ##
#..#(# #.# ####
#.##)# ..#


You could see 2 wights.

Vanquished Creatures
  2 wights (D:2)
  A gnoll (D:1)
  An adder (D:2)
  An ooze (D:1)
  2 giant cockroaches (D:1)
  4 goblins
  9 hobgoblins
  7 jackals
  A quokka (D:2)
  2 ball pythons (D:1)
  5 bats
  A frilled lizard (D:1)
  5 kobolds
  5 rats (D:1)
46 creatures vanquished.

Notes
Turn   | Place    | Note
-------+----------+-------------------------------------------
     0 | D:1      | Darkshadow the Minotaur Berserker began the quest for the Orb.
     0 | D:1      | Reached XP level 1. HP: 19/19 MP: 0/0
   372 | D:1      | Reached XP level 2. HP: 23/27 MP: 1/1
   433 | D:1      | Reached skill level 4 in Maces & Flails
   587 | D:1      | Reached XP level 3. HP: 31/33 MP: 2/2
   746 | D:1      | Reached ** piety under Trog
  1052 | D:2      | Found a bloodstained altar of Trog.
  1103 | D:2      | Reached XP level 4. HP: 32/40 MP: 3/3
  1260 | D:2      | Reached skill level 5 in Maces & Flails
  1260 | D:2      | Reached XP level 5. HP: 39/47 MP: 4/4
  1276 | D:2      | Slain by a wight

Vault maps used:
D:1:      minmay_arrival_four_loops
D:2:      lightli_temple_of_fire, first_ration, minmay_rat_hole

Skill      XL: |  1  2  3  4 |
---------------+-------------+-----
Maces & Flails | 4 5 |  5.2
Fighting       | 4 |  4.7
Armour         | 3 |  3.8
Dodging        | |  2.7

Action                   |  1- 3 |  4- 6 || total
-------------------------+-------+-------++-------
Melee: Mace              |    60 |    13 ||    73
       Headbutt          |    11 |     2 ||    13
Throw: Stone             |     2 |       ||     2
Invok: Berserk           |       |     1 ||     1
 Stab: Distracted        |     1 |       ||     1
       Sleeping          |     1 |       ||     1
  Eat: Chunk             |       |     1 ||     1
Armor: Animal skin       |    10 |     2 ||    12
Dodge: Dodged            |    60 |     3 ||    63

Table legend:
 A = Spawn XP
 B = Non-spawn XP
 C = Spawn XP percentage of total XP
 D = Spawn monster count
 E = Non-spawn monster count
 F = Spawn count percentage of total count
 G = Total turns spent on level
                    A         B        C        D         E        F      G
               +---------+---------+-------+---------+---------+-------+---------
         Total |       0 |     214 |   0.0 |       0 |      46 |   0.0 |  1276
               +---------+---------+-------+---------+---------+-------+---------
           D:1 |       0 |      64 |   0.0 |       0 |      29 |   0.0 |   870
           D:2 |       0 |     150 |   0.0 |       0 |      17 |   0.0 |   406
               +---------+---------+-------+---------+---------+-------+---------
